 Dungeon Crawl Stone Soup version 0.21.1-1-g345015f (webtiles) character file.

89 pox the Poker (level 4, -4/35 HPs)
             Began as a Merfolk Gladiator on July 25, 2018.
             Killed by nerve-wracking pain
             ... invoked by Jessica
              (13 damage)
             ... on level 2 of the Dungeon.
             The game lasted 00:05:42 (1713 turns).

pox the Poker (Merfolk Gladiator)                   Turns: 1713, Time: 00:05:44

Health: -4/35      AC:  4    Str: 14    XL:     4   Next: 55%
Magic:  4/4        EV: 14    Int:  7    God:
Gold:   131        SH:  0    Dex: 16    Spells: 3/3 levels left

rFire    . . .     SeeInvis .   a - +0 trident
rCold    . . .     Gourm    .   (no shield)
rNeg     . . .     Faith    .   b - +0 leather armour
rPois    .         Spirit   .   c - +0 helmet
rElec    .         Reflect  .   (no cloak)
rCorr    .         Harm     .   (no gloves)
MR       .....                  (no boots)
Stlth    +.........             (no amulet)
HPRegen  0.11/turn              (no ring)
MPRegen  0.09/turn              (no ring)

@: slowed, very slow
A: change form in water, swift swim, stealthy swim
a: no special abilities


You were on level 2 of the Dungeon.
You were near starving.

You visited 1 branch of the dungeon, and saw 2 of its levels.

You collected 131 gold pieces.

Inventory:

Hand Weapons
 a - a +0 trident (weapon)
 q - a +0 hunting sling
Missiles
 d - 3 throwing nets (quivered)
 j - 107 stones
Armour
 b - a +0 leather armour (worn)
 c - a +0 helmet (worn)
Jewellery
 g - an uncursed ring of magical power {unknown}
 p - an uncursed ring of protection from fire {unknown}
Scrolls
 e - a scroll of immolation {unknown}
 h - a scroll of fog {unknown}
 i - a scroll of magic mapping {unknown}
 n - 2 scrolls of identify {unknown}
 o - a scroll of noise {unknown}
 s - a scroll of remove curse {unknown}
Potions
 k - a potion of cancellation {unknown}
 l - a potion of curing {unknown}
 m - a potion of heal wounds {unknown}
 r - a potion of haste {unknown}
Comestibles
 f - 9 rations


   Skills:
 + Level 3.3 Fighting
 * Level 6.6 Polearms
 - Level 2.0 Throwing
 - Level 4.0 Dodging


You had 3 spell levels left.
You didn't know any spells.

Dungeon Overview and Level Annotations

Branches:
Dungeon (2/15)

Altars:
The Shining One

Annotations:
D:2 Jessica


Message History

Jessica points at you and mumbles some strange words.
Pain shoots through your body!
* * * LOW HITPOINT WARNING * * *
You hit Jessica.
Jessica is lightly wounded.
You are near starving!
Jessica gestures at you while chanting.
You feel as though you will be slow longer.
Jessica closely misses you.
You closely miss Jessica.
Jessica is lightly wounded.
Jessica hits you but does no damage. Jessica misses you.
You hit Jessica.
Jessica is moderately wounded.
Jessica says, "Why did you come here?" Jessica hits you with a club.
* * * LOW HITPOINT WARNING * * *
Jessica casts a spell at you. Pain shoots through your body!
You die...

.# (. #.##+###### ##########
.##.........###.........
.............##.#######. #.
#...@@.....##...#####[
...............####.......
######.#.....##.......# #.......
.......#....#.........####>..##.#
........#..#..[..................
.....#...###....###########...#..
.....#....###...............#.##.
..........#..#...######.<.....##.
##...#...#....#...#####.#.....##.


You could see Jessica.

Vanquished Creatures
  An orc priest (D:2)
  An orc wizard (D:2)
  A dart slug (D:1)
  2 leopard geckos
  2 orcs (D:2)
  3 goblins
  4 hobgoblins
  7 jackals
  A kobold (D:1)
  A bat (D:1)
  A frilled lizard (D:2)
  2 rats (D:1)
26 creatures vanquished.

Notes
Turn   | Place    | Note
-------+----------+-------------------------------------------
     0 | D:1      | pox the Merfolk Gladiator began the quest for the Orb.
     0 | D:1      | Reached XP level 1. HP: 16/16 MP: 1/1
   240 | D:1      | Reached XP level 2. HP: 23/23 MP: 2/2
   249 | D:1      | Reached skill level 5 in Polearms
   722 | D:1      | Found a glowing golden altar of the Shining One.
   846 | D:2      | Reached XP level 3. HP: 4/28 MP: 3/3
  1224 | D:2      | Reached skill level 6 in Polearms
  1227 | D:2      | Reached XP level 4. HP: 22/35 MP: 4/4
  1700 | D:2      | Noticed Jessica
  1713 | D:2      | Killed from afar by Jessica

Skill      XL: |  1  2  3 |
---------------+----------+-----
Polearms       | 5 6 |  6.6
Fighting       | 3 |  3.3
Throwing       | |  2.0
Dodging        | |  4.0

Action                   |  1- 3 |  4- 6 || total
-------------------------+-------+-------++-------
Melee: Trident           |    79 |    28 ||   107
 Stab: Distracted        |     1 |       ||     1
  Eat: Chunk             |     1 |       ||     1
Armor: Leather armour    |    17 |     5 ||    22
Dodge: Dodged            |    72 |    11 ||    83
